NWL
EUGENE EMERALDS @ SPOKANE INDIANS
07/05/2099
 
TOP OF THE 1ST
Eugene Emeralds batting - Pitching for Spokane Indians : RHP Charlie Gibson
Pitching: RHP Charlie Gibson
Batting: SHB Marcus Phelps 0-0: DOUBLE (Line Drive, 3D, EV 99.4 MPH)
Batting: LHB Joe Waddell 0-0: Ball
1-0: Ball
2-0: Foul Ball, location: 25FF
2-1: Ball
3-1: Base on Balls
Batting: LHB Justin Barnum 0-0: Ball
1-0: DOUBLE (Line Drive, 78D, EV 104.4 MPH)
Marcus Phelps scores
Joe Waddell to third
Batting: LHB Kevin Whitcomb 0-0: Ball
1-0: Ball
2-0: Foul Ball, location: 2F
2-1: Foul Ball, location: 3FF
2-2: Foul Ball, location: 2F
2-2: Foul Ball, location: 5F
2-2: Foul Ball, location: 3SF
2-2: DOUBLE (Line Drive, 9LM, EV 111.9 MPH)
Joe Waddell scores
Justin Barnum scores
Batting: LHB Dan Hewitt 0-0: Ball
1-0: Foul Ball, location: 7LMF
1-1: DOUBLE (Line Drive, 7LM, EV 100.0 MPH)
Kevin Whitcomb scores
Batting: RHB Mike Hubbard 0-0: Ball
1-0: Ball
2-0: Ball
3-0: Base on Balls
Batting: RHB Mike Brown 0-0: Ball
1-0: Foul Ball, location: 7LMF
1-1: Swinging Strike
1-2: Ball
2-2: Fielders Choice at 2nd, 5-4 (Groundball, 56S, EV 83.1 MPH)
Dan Hewitt to third
Batting: RHB Bobby Ayala 0-0: Foul Ball, location: 5FF
0-1: Fly out, F9 (Flyball, 9LM, EV 86.9 MPH)
Runner from 3rd tags up, SCORES, throw by RF
Batting: RHB Eric Colyer 0-0: Ball
1-0: Ball
2-0: Swinging Strike
2-1: Foul Ball, location: 3SF
Balk!
Mike Brown to second
2-2: Ball
3-2: SINGLE (Flyball, 7S, EV 93.1 MPH) - OUT at second base trying to stretch hit.
Mike Brown scores
Top of the 1st over - 6 runs, 5 hits, 0 errors, 0 left on base; Eugene 6 - Spokane 0
BOTTOM OF THE 1ST
Spokane Indians batting - Pitching for Eugene Emeralds : RHP Eric Wise
Pitching: RHP Eric Wise
Batting: RHB Zyaire Spencer 0-0: Ground out U3 (Groundball, 34, EV 82.5 MPH)
Batting: RHB Joel Turner 0-0: Called Strike
0-1: Foul Ball, location: 9LDF
0-2: Ball
1-2: Ground out 5-3 (Groundball, 56, EV 86.3 MPH)
Batting: SHB Josh Cady 0-0: Ball
1-0: Ball
2-0: Ball
3-0: Called Strike
3-1: Fly out, F8 (Flyball, 8RD, EV 108.8 MPH)
Bottom of the 1st over - 0 runs, 0 hits, 0 errors, 0 left on base; Eugene 6 - Spokane 0
TOP OF THE 2ND
Eugene Emeralds batting - Pitching for Spokane Indians : RHP Charlie Gibson
Batting: SHB Marcus Phelps 0-0: Ball
1-0: Fly out, F8 (Flyball, 89M, EV 92.5 MPH)
Batting: LHB Joe Waddell 0-0: Ball
1-0: Foul Ball, location: 23F
1-1: Foul Ball, location: 7LMF
1-2: Foul Ball, location: 5F
1-2: Fly out, F9 (Flyball, 9LD, EV 84.4 MPH)
Batting: LHB Justin Barnum 0-0: Called Strike
0-1: Swinging Strike
0-2: Ball
1-2: Ball
2-2: Strikes out swinging, 2-3 out at first.
Top of the 2nd over - 0 runs, 0 hits, 0 errors, 0 left on base; Eugene 6 - Spokane 0
BOTTOM OF THE 2ND
Spokane Indians batting - Pitching for Eugene Emeralds : RHP Eric Wise
Batting: RHB Chris Engasser 0-0: Called Strike
0-1: Fly out, F8 (Flyball, 8LD, EV 110.6 MPH)
Batting: RHB Kevin Norvell 0-0: Ball
1-0: Ball
2-0: Called Strike
2-1: Ground out 6-3 (Groundball, 6MD, EV 98.8 MPH)
Batting: LHB Cody Harris 0-0: Ball
1-0: Ball
2-0: Foul Ball, location: 9LDF
2-1: Called Strike
2-2: Foul Ball, location: 5F
2-2: Ball
3-2: Fly out, F9 (Flyball, 89M, EV 95.0 MPH)
Bottom of the 2nd over - 0 runs, 0 hits, 0 errors, 0 left on base; Eugene 6 - Spokane 0
TOP OF THE 3RD
Eugene Emeralds batting - Pitching for Spokane Indians : RHP Charlie Gibson
Batting: LHB Kevin Whitcomb 0-0: Foul Ball, location: 7LSF
0-1: Foul Ball, location: 7LDF
0-2: SINGLE (Line Drive, 56, EV 96.9 MPH)
Batting: LHB Dan Hewitt 0-0: Ball
1-0: Ball
2-0: Ball
3-0: Base on Balls
Kevin Whitcomb to second
Pitching: RHP Manuel Curiel
Batting: RHB Mike Hubbard 0-0: Called Strike
0-1: Ball
1-1: Fly out, F5 (Popup, 25F, EV 93.1 MPH)
Batting: RHB Mike Brown 0-0: Called Strike
0-1: Ball
1-1: Ball
2-1: Swinging Strike
2-2: Strikes out swinging
Batting: RHB Bobby Ayala 0-0: Ball
1-0: SINGLE (Line Drive, 78S, EV 85.0 MPH)
Kevin Whitcomb to third
Dan Hewitt to second
Runner from 3rd tries for Home, SAFE, throw by LF to home
Batting: RHB Eric Colyer 0-0: Foul Ball, location: 2F
0-1: Ball
1-1: Called Strike
1-2: 3-RUN HOME RUN (Flyball, 7D, EV 103.8 MPH), Distance : 396 ft
Batting: SHB Marcus Phelps 0-0: Called Strike
0-1: DOUBLE (Line Drive, 3D, EV 97.5 MPH)
Batting: LHB Joe Waddell 0-0: Called Strike
0-1: Called Strike
0-2: Ball
1-2: Ball
2-2: Foul Ball, location: 5F
2-2: Fly out, F9 (Line Drive, 89M, EV 103.1 MPH)
Top of the 3rd over - 4 runs, 4 hits, 0 errors, 1 left on base; Eugene 10 - Spokane 0
BOTTOM OF THE 3RD
Spokane Indians batting - Pitching for Eugene Emeralds : RHP Eric Wise
Batting: RHB Manny Valdenegro 0-0: Ball
1-0: Ball
2-0: Called Strike
2-1: Foul Ball, location: 2F
2-2: Ground out 6-3 (Groundball, 6, EV 101.9 MPH)
Batting: RHB Matt Caswell 0-0: Called Strike
0-1: Swinging Strike
0-2: Strikes out looking
Batting: RHB Jesse Yergeau 0-0: Called Strike
0-1: Ball
1-1: Foul Ball, location: 2F
1-2: SINGLE (Line Drive, 4MD, EV 97.5 MPH)
Batting: RHB Zyaire Spencer 0-0: Called Strike
0-1: Ball
Jesse Yergeau steals 2nd base
1-1: Foul Ball, location: 5DF
1-2: Fly out, F7 (Line Drive, 78S, EV 105.0 MPH)
Bottom of the 3rd over - 0 runs, 1 hit, 0 errors, 1 left on base; Eugene 10 - Spokane 0
TOP OF THE 4TH
Eugene Emeralds batting - Pitching for Spokane Indians : RHP Manuel Curiel
Batting: LHB Justin Barnum 0-0: Ball
1-0: Foul Ball, location: 25F
1-1: Foul Ball, location: 7LMF
1-2: Ball
2-2: Strikes out looking
Batting: LHB Kevin Whitcomb 0-0: Called Strike
0-1: Ball
1-1: Foul Ball, location: 7LDF
1-2: Fly out, F9 (Flyball, 9S, EV 83.8 MPH)
Batting: LHB Dan Hewitt 0-0: Ball
1-0: Called Strike
1-1: Ball
2-1: Ball
3-1: Fly out, F6 (Popup, 6M, EV 65.0 MPH)
Top of the 4th over - 0 runs, 0 hits, 0 errors, 0 left on base; Eugene 10 - Spokane 0
BOTTOM OF THE 4TH
Spokane Indians batting - Pitching for Eugene Emeralds : RHP Eric Wise
Batting: RHB Joel Turner 0-0: Fly out, F1 (Line Drive, P, EV 70.6 MPH)
Batting: SHB Josh Cady 0-0: Ground out 4-3 (Groundball, 4, EV 101.9 MPH)
Batting: RHB Chris Engasser 0-0: Ball
1-0: Ball
2-0: Ball
3-0: Called Strike
3-1: DOUBLE (Line Drive, 78D, EV 110.6 MPH)
Batting: RHB Kevin Norvell 0-0: Called Strike
0-1: Foul Ball, location: 9LDF
0-2: Ball
1-2: Ball
2-2: Ball
3-2: Base on Balls
Batting: LHB Cody Harris 0-0: Ball
1-0: Ball
2-0: Ball
3-0: Called Strike
3-1: Called Strike
3-2: SINGLE (Groundball, 13S, EV 63.8 MPH) (infield hit)
Chris Engasser to third
Kevin Norvell to second
Batting: RHB Manny Valdenegro 0-0: Called Strike
0-1: Ball
1-1: Ball
2-1: Ball
3-1: Foul Ball, location: 2F
3-2: Fly out, F9 (Flyball, 9D, EV 102.5 MPH)
Bottom of the 4th over - 0 runs, 2 hits, 0 errors, 3 left on base; Eugene 10 - Spokane 0
TOP OF THE 5TH
Eugene Emeralds batting - Pitching for Spokane Indians : RHP Manuel Curiel
Batting: RHB Mike Hubbard 0-0: Called Strike
0-1: Called Strike
0-2: Strikes out swinging, 2-3 out at first.
Batting: RHB Mike Brown 0-0: Foul Ball, location: 2F
0-1: Foul Ball, location: 2F
0-2: Foul Ball, location: 5SF
0-2: Strikes out swinging
Batting: RHB Bobby Ayala 0-0: Ground out 5-3 (Groundball, 56, EV 86.3 MPH)
Top of the 5th over - 0 runs, 0 hits, 0 errors, 0 left on base; Eugene 10 - Spokane 0
BOTTOM OF THE 5TH
Spokane Indians batting - Pitching for Eugene Emeralds : RHP Eric Wise
Batting: RHB Matt Caswell 0-0: Ground out 6-3 (Groundball, 6, EV 85.6 MPH)
Batting: RHB Jesse Yergeau 0-0: Swinging Strike
0-1: Foul Ball, location: 7LSF
0-2: Ball
1-2: Foul Ball, location: 25FF
1-2: Strikes out swinging
Batting: RHB Zyaire Spencer 0-0: Ball
1-0: Fly out, F6 (Line Drive, 6MD, EV 67.5 MPH)
Bottom of the 5th over - 0 runs, 0 hits, 0 errors, 0 left on base; Eugene 10 - Spokane 0
TOP OF THE 6TH
Eugene Emeralds batting - Pitching for Spokane Indians : RHP Manuel Curiel
Batting: RHB Eric Colyer 0-0: Called Strike
0-1: Foul Ball, location: 2F
0-2: Strikes out swinging
Batting: SHB Marcus Phelps 0-0: Foul Ball, location: 9LDF
0-1: Swinging Strike
0-2: Ball
1-2: Ball
2-2: Foul Ball, location: 2LF
2-2: SINGLE (Line Drive, 78S, EV 89.4 MPH)
Batting: LHB Joe Waddell 0-0: Ball
1-0: Ball
2-0: Foul Ball, location: 2F
2-1: DOUBLE (Line Drive, 78D, EV 99.4 MPH)
Marcus Phelps to third
Runner from 3rd tries for Home, SAFE, throw by LF to home
Pitching: LHP Jesse Sullivan
Batting: LHB Justin Barnum 0-0: Ball
1-0: Ball
2-0: Called Strike
2-1: Swinging Strike
2-2: Strikes out swinging
Batting: LHB Kevin Whitcomb 0-0: Called Strike
0-1: Ball
1-1: Ball
2-1: 2-RUN HOME RUN (Flyball, 9D, EV 99.4 MPH), Distance : 371 ft
Batting: LHB Dan Hewitt 0-0: Ball
1-0: Called Strike
1-1: Ball
2-1: Foul Ball, location: 9LMF
2-2: Foul Ball, location: 9LSFF
2-2: Ball
3-2: Base on Balls
Batting: RHB Mike Hubbard 0-0: Ball
1-0: Ball
2-0: Fielders Choice at 2nd, 6-4 (Groundball, 6, EV 88.8 MPH)
Top of the 6th over - 3 runs, 3 hits, 0 errors, 1 left on base; Eugene 13 - Spokane 0
BOTTOM OF THE 6TH
Spokane Indians batting - Pitching for Eugene Emeralds : RHP Eric Wise
Batting: RHB Joel Turner 0-0: Fly out, F9 (Flyball, 9LM, EV 91.3 MPH)
Batting: SHB Josh Cady 0-0: Ground out 1-3 (Groundball, 13S, EV 65.0 MPH)
Batting: RHB Chris Engasser 0-0: Swinging Strike
0-1: Ball
1-1: Ground out 6-3 (Groundball, 6M, EV 109.4 MPH)
Bottom of the 6th over - 0 runs, 0 hits, 0 errors, 0 left on base; Eugene 13 - Spokane 0
TOP OF THE 7TH
Eugene Emeralds batting - Pitching for Spokane Indians : LHP Jesse Sullivan
Pinch Hitting: RHB Vicente Anastacio 0-0: Ball
1-0: Ball
2-0: Called Strike
2-1: Ball
3-1: Called Strike
3-2: Base on Balls
Batting: RHB Bobby Ayala 0-0: Called Strike
0-1: Reached on error, E6 (Groundball, 6, EV 83.1 MPH)
Vicente Anastacio to second
Batting: RHB Eric Colyer 0-0: Swinging Strike
0-1: Ball
1-1: Ball
2-1: Ball
3-1: Swinging Strike
3-2: Strikes out looking
Pinch Hitting: LHB Nick Keller 0-0: Foul Ball, location: 3F
0-1: Foul Ball, location: 25F
0-2: Strikes out looking
Pinch Hitting: LHB Chris Singleton 0-0: Foul Ball, location: 2F
0-1: Ball
1-1: Ball
2-1: Foul Ball, location: 2F
2-2: Ball
3-2: Fly out, F9 (Flyball, 9D, EV 90.6 MPH)
Top of the 7th over - 0 runs, 0 hits, 1 error, 2 left on base; Eugene 13 - Spokane 0
BOTTOM OF THE 7TH
Spokane Indians batting - Pitching for Eugene Emeralds : RHP Eric Wise
Now at 1B: Chris Singleton
Now at 3B: Vicente Anastacio
Now in RF: Nick Keller
Batting: RHB Kevin Norvell 0-0: Ball
1-0: Ball
2-0: Foul Ball, location: 2F
2-1: Ground out 4-3 (Groundball, 4M, EV 104.4 MPH)
Batting: LHB Cody Harris 0-0: Ball
1-0: SINGLE (Groundball, 56, EV 104.4 MPH)
Batting: RHB Manny Valdenegro 0-0: Ball
1-0: Called Strike
1-1: Ball
2-1: Foul Ball, location: 3FF
2-2: Foul Ball, location: 7LDF
2-2: Strikes out swinging
Pitching: RHP Jim Unknown
Batting: RHB Matt Caswell 0-0: SINGLE (Groundball, 34D, EV 106.3 MPH)
Cody Harris to second
Runner from 2nd tries for 3rd, SAFE, throw by RF made to third
Pinch Hitting: LHB Justin Rackett 0-0: Ball
1-0: Foul Ball, location: 7LMF
1-1: Fly out, F7 (Flyball, 78M, EV 85.0 MPH)
Bottom of the 7th over - 0 runs, 2 hits, 0 errors, 2 left on base; Eugene 13 - Spokane 0
TOP OF THE 8TH
Eugene Emeralds batting - Pitching for Spokane Indians : LHP Jesse Sullivan
Now at 1B: Jeff Coldwell
Pinch Hitting: RHB Leo Rivera 0-0: Called Strike
0-1: Called Strike
0-2: Foul Ball, location: 5SF
0-2: Foul Ball, location: 5DF
0-2: Ball
1-2: Strikes out swinging
Pitching: RHP Raul Arias
Batting: LHB Kevin Whitcomb 0-0: Ball
1-0: Fly out, F3 (Popup, 34, EV 74.4 MPH)
Pinch Hitting: RHB Aiden Byrd 0-0: Called Strike
0-1: Ball
1-1: Swinging Strike
1-2: Ball
2-2: Foul Ball, location: 2F
2-2: Ball
3-2: Strikes out swinging
Top of the 8th over - 0 runs, 0 hits, 0 errors, 0 left on base; Eugene 13 - Spokane 0
BOTTOM OF THE 8TH
Spokane Indians batting - Pitching for Eugene Emeralds : RHP Jim Unknown
Now in LF: Leo Rivera
Now in CF: Aiden Byrd
Batting: RHB Zyaire Spencer 0-0: Ball
1-0: Fly out, F7 (Flyball, 7S, EV 90.0 MPH)
Batting: RHB Joel Turner 0-0: Swinging Strike
0-1: Ball
1-1: Ball
2-1: TRIPLE (Line Drive, 89XD, EV 109.4 MPH)
Pinch Hitting: RHB Alex Minero 0-0: Fly out, F9 (Flyball, 9, EV 77.5 MPH)
Pinch Hitting: RHB Josh Jonson 0-0: Ball
1-0: Called Strike
1-1: Foul Ball, location: 2F
1-2: Ground out 6-3 (Groundball, 6MS, EV 81.9 MPH)
Bottom of the 8th over - 0 runs, 1 hit, 0 errors, 1 left on base; Eugene 13 - Spokane 0
TOP OF THE 9TH
Eugene Emeralds batting - Pitching for Spokane Indians : RHP Raul Arias
Now in LF: Alex Minero
Now in CF: Abel Vermeulen
Batting: RHB Mike Hubbard 0-0: Foul Ball, location: 9LDF
0-1: Ball
1-1: Ball
2-1: Ball
3-1: Foul Ball, location: 3SF
3-2: Ground out 6-3 (Groundball, 6, EV 105.6 MPH)
Batting: RHB Vicente Anastacio 0-0: Ball
1-0: SINGLE (Groundball, 56S, EV 70.6 MPH) (infield hit)
Batting: RHB Bobby Ayala 0-0: Ball
1-0: Called Strike
1-1: Fly out, F9 (Flyball, 9S, EV 91.3 MPH)
Batting: RHB Eric Colyer 0-0: Called Strike
0-1: Called Strike
0-2: Ball
1-2: Ball
2-2: Foul Ball, location: 5FF
2-2: Ball
3-2: Foul Ball, location: 9LDF
3-2: Base on Balls
Vicente Anastacio to second
Pinch Hitting: RHB Ken Drake 0-0: Swinging Strike
0-1: Foul Ball, location: 2F
0-2: Fly out, F8 (Flyball, 8LS, EV 92.5 MPH)
Top of the 9th over - 0 runs, 1 hit, 0 errors, 2 left on base; Eugene 13 - Spokane 0
BOTTOM OF THE 9TH
Spokane Indians batting - Pitching for Eugene Emeralds : RHP Jim Unknown
Now in RF: Ken Drake
Batting: RHB Kevin Norvell 0-0: Ball
1-0: Ball
2-0: Ball
3-0: Called Strike
3-1: SINGLE (Flyball, 7LS, EV 95.0 MPH)
Batting: LHB Cody Harris 0-0: Called Strike
0-1: Grounds into double play, 5-4-3 (Groundball, 56, EV 85.6 MPH)
Batting: RHB Manny Valdenegro 0-0: Ground out 6-3 (Groundball, 6S, EV 68.1 MPH)
Bottom of the 9th over - 0 runs, 1 hit, 0 errors, 0 left on base; Eugene 13 - Spokane 0
Saturday, May 11th , 2024 - OOTP Baseball 24.11 Build 85